 Dungeon Crawl Stone Soup version 0.20.0-15-g7f486f2 (webtiles) character file.

430 Karian the Skirmisher (level 6, -16/79 HPs)
             Began as a Hill Orc Berserker on June 9, 2017.
             Was a Believer of Trog.
             Killed from afar by an iguana (24 damage)
             ... with an exploding inner flame
             ... hexed by the player character
             ... on level 4 of the Dungeon.
             The game lasted 00:26:53 (2636 turns).

Karian the Skirmisher (Hill Orc Berserker)          Turns: 2636, Time: 00:26:54

Health: -16/79     AC:  3    Str: 27    XL:     6   Next: 99%
Magic:  6/6        EV: 18    Int: 12    God:    Trog [**....]
Gold:   95         SH: 14    Dex: 10    Spells: 5/5 levels left

rFire    . . .     SeeInvis .   B - -3 short sword (curse)
rCold    . . .     Gourm    .   e - +0 shield
rNeg     . . .     Faith    .   E - +0 leather armour (curse)
rPois    .         Spirit   .   (no helmet)
rElec    .         Reflect  +   (no cloak)
rCorr    .         Harm     .   (no gloves)
MR       .....                  (no boots)
Stlth    ..........             H - +4 amulet of reflection
Regen    0.3/turn               G - ring of flight
MPRegen  0.1/turn               M - ring of Phasing {EV+8}

@: brilliant, berserking, starving, hasted, very quick
A: no striking features
a: Berserk, Trog's Hand, Burn Spellbooks, Renounce Religion, Evoke Flight


You were on level 4 of the Dungeon.
You worshipped Trog.
Trog was pleased with you.
You were starving.

You visited 1 branch of the dungeon, and saw 4 of its levels.

You collected 95 gold pieces.

Inventory:

Hand Weapons
 a - a +0 mace
 h - a +0 whip
 j - a -1 short sword
 l - a +0 club
 n - a +0 dagger
 o - a +0 dagger
 p - a +0 club
 q - a +0 dagger
 r - a +0 hand axe
 u - a +0 dagger
 v - a +0 short sword
 w - a +0 club
 z - a +0 hand axe
 A - a +0 spear
 B - a cursed -3 short sword (weapon)
 I - a +0 club
 J - a +0 hunting sling
 L - a +0 mace
 T - a +0 whip
Missiles
 f - 48 arrows
 g - 119 stones (quivered)
 m - 34 sling bullets
 x - 9 tomahawks
Armour
 b - a +0 animal skin
 e - a +0 shield (worn)
 k - a +0 robe
 s - a +0 robe
 y - a +0 robe
 E - a cursed +0 leather armour (worn)
 F - a cursed +0 ring mail
 O - a +0 robe of resistance
 Q - a +0 robe
Jewellery
 G - a ring of flight (left hand)
 H - a +4 amulet of reflection (around neck)
 M - the ring of Phasing (right hand) {EV+8}
   (You found it on level 4 of the Dungeon)

   [ring of evasion]

   It affects your evasion (+8).
Scrolls
 D - 2 scrolls of identify
 P - a scroll of remove curse
Potions
 d - a potion of haste
 i - 2 potions of brilliance
 C - a potion of ambrosia {unknown}
 U - a potion of agility {unknown}
Comestibles
 c - a bread ration
 R - a meat ration


   Skills:
 + Level 4.7 Fighting
 + Level 3.1 Short Blades
 + Level 4.1 Maces & Flails
 + Level 2.7 Armour
 + Level 2.7 Dodging
 + Level 0.8 Stealth
 + Level 3.8 Shields


You had 5 spell levels left.
You didn't know any spells.

Dungeon Overview and Level Annotations

Branches:
Dungeon (4/15)
 Temple: D:4-7

Altars:
Trog


Message History

Trog appreciates your killing of a magic user.
The bat disappears in a puff of smoke!
Your Shields skill increases to level 3!
You have reached level 6!
Your experience leads to an increase in your attributes!
Your base attributes are Str 21, Int 7, Dex 10.
Increase (S)trength, (I)ntelligence, or (D)exterity?
You feel stronger.
You feel a bit more experienced. Trog accepts your kill.
Trog appreciates your killing of a magic user.
You feel a bit more experienced. Trog accepts your kill.
You feel a bit more experienced. Trog accepts your kill.
You feel a bit more experienced. Trog accepts your kill.
Your Short Blades skill increases to level 3!
The fiery explosion engulfs you!
You die...

#.#.s...........##.#...#.#.##
#.#.5####.5#######.##.##...#
#.#..# #.o# #.#####.###
#.###.#.J####o@# #.# #.#
..<......lo..Jl# #.. ..#
#.#####.§#####.# ##. ####
#..# #.# . #..# #§#########
##..# #§.@....... ##...##
########### #.....# #....)#
#.....# ##...## #######..#
.........# #######.######


There were no monsters in sight!

Vanquished Creatures
  Eustachio (D:4)
  An ogre (D:4)
  A scorpion (D:4)
  An orc wizard (D:4)
  Jessica (D:3)
  4 adders (D:2)
  An ooze (D:4)
  A worm (D:2)
  2 leopard geckos (D:3)
  5 orcs
  4 bats
  A giant cockroach (D:1)
  6 goblins
  7 hobgoblins
  2 jackals (D:2)
  6 kobolds
  A ball python (D:2)
  3 frilled lizards
  2 rats (D:1)
  A plant (D:2)
51 creatures vanquished.

Notes
Turn   | Place    | Note
-------+----------+-------------------------------------------
     0 | D:1      | Karian the Hill Orc Berserker began the quest for the Orb.
     0 | D:1      | Reached XP level 1. HP: 19/19 MP: 1/1
   359 | D:1      | Reached XP level 2. HP: 23/27 MP: 2/2
   936 | D:2      | Reached XP level 3. HP: 21/33 MP: 3/3
  1246 | D:2      | Reached ** piety under Trog
  1376 | D:2      | Reached XP level 4. HP: 37/41 MP: 4/4
  1987 | D:3      | Found a bloodstained altar of Trog.
  2072 | D:3      | You fall through a shaft!
  2335 | D:4      | Noticed an ogre
  2345 | D:4      | Killed an ogre
  2345 | D:4      | Reached skill level 1 in Shields
  2345 | D:4      | Reached XP level 5. HP: 47/47 MP: 5/5
  2364 | D:3      | Noticed Jessica
  2378 | D:3      | Killed Jessica
  2508 | D:3      | You fall through a shaft!
  2540 | D:4      | Noticed Eustachio
  2636 | D:4      | Killed Eustachio
  2636 | D:4      | Reached XP level 6. HP: 8/53 MP: 6/6
  2636 | D:4      | Killed from afar by an iguana

Skill      XL: |  1  2  3  4  5  6 |
---------------+-------------------+-----
Fighting       | 4 |  4.7
Maces & Flails | 4 |  4.1
Short Blades   | 2 3 |  3.1
Dodging        | 2 |  2.7
Shields        | 1 3 |  3.8
Armour         | |  2.7
Stealth        | |  0.8

Action                   |  1- 3 |  4- 6 || total
-------------------------+-------+-------++-------
Melee: Mace              |    47 |       ||    47
       Short sword       |   112 |   210 ||   322
Invok: Berserk           |     6 |     7 ||    13
  Use: Scroll            |     4 |     3 ||     7
       Potion            |       |     4 ||     4
  Eat: Chunk             |     2 |     6 ||     8
       Bread ration      |     1 |     1 ||     2
Armor: Animal skin       |     6 |       ||     6
       Robe              |    12 |       ||    12
       Leather armour    |       |    33 ||    33
Dodge: Dodged            |    35 |   124 ||   159
Block: Shield            |    39 |   145 ||   184
       Reflection        |       |     2 ||     2
